 Dungeon Crawl Stone Soup version 0.23.2 (webtiles) character file.

Game seed: 17127828758244387356

134 Kobolds4U the Magician (level 4, -2/24 HPs)
             Began as a Deep Elf Conjurer on Apr 10, 2019.
             Killed from afar by an orc wizard (4 damage)
             ... with a magic dart
             ... on level 3 of the Dungeon.
             The game lasted 00:11:10 (1953 turns).

Kobolds4U the Magician (Deep Elf Conjurer)          Turns: 1953, Time: 00:11:11

Health: -2/24      AC:  2    Str:  6    XL:     4   Next: 95%
Magic:  7/13       EV: 13    Int: 20    God:
Gold:   124        SH:  0    Dex: 15    Spells: 2/14 levels left

rFire    . . .     SeeInvis .   k - +1 dagger (speed)
rCold    . . .     Gourm    .   (no shield)
rNeg     . . .     Faith    .   a - +0 robe
rPois    .         Spirit   .   (no helmet)
rElec    .         Reflect  .   (no cloak)
rCorr    .         Harm     .   (no gloves)
MR       .....                  (no boots)
Stlth    ++........             (no amulet)
HPRegen  0.08/turn              f - ring of wizardry
MPRegen  0.13/turn              (no ring)

@: very slightly contaminated
A: no striking features
a: no special abilities


You were on level 3 of the Dungeon.
You were not hungry.

You visited 1 branch of the dungeon, and saw 3 of its levels.

You collected 124 gold pieces.

Inventory:

Hand Weapons
 k - a +1 dagger of speed (weapon)
Armour
 a - a +0 robe (worn)
 r - a +0 buckler
Jewellery
 f - a ring of wizardry (left hand)
 l - an uncursed amulet of rage
 s - an uncursed ring of positive energy {unknown}
Scrolls
 b - 3 scrolls of remove curse {unknown}
 d - a scroll of fog {unknown}
 e - a scroll of enchant armour {unknown}
 m - 2 scrolls of random uselessness {unknown}
 n - a scroll of identify {unknown}
 p - a scroll of noise {unknown}
Potions
 g - a potion of heal wounds {unknown}
 h - 2 potions of might {unknown}
 i - a potion of mutation {unknown}
 j - a potion of berserk rage {unknown}
 o - a potion of curing {unknown}
Comestibles
 c - 7 rations
 q - 4 chunks of flesh


   Skills:
 - Level 2.4 Dodging
 + Level 3.0 Stealth
 + Level 5.6 Spellcasting
 - Level 5.0 Conjurations
 - Level 1.1 Hexes
 + Level 1.0 Translocations


You had 2 spell levels left.
You knew the following spells:

 Your Spells              Type           Power        Failure   Level  Hunger
a - Magic Dart            Conj           ####         1%          1    None
b - Searing Ray           Conj           ####..       1%          2    None
c - Dazzling Spray        Conj/Hex       ###...       3%          3    ##.....
d - Force Lance           Conj/Tloc      ###.....     12%         4    ####...
e - Ensorcelled Hibernat  Hex/Ice        #.....       5%          2    None

Your spell library contained the following spells:

 Spells                   Type           Power        Failure   Level  Hunger
 Corona                   Hex            ##.....      2%          1    None
 Iskenderun's Mystic Bla  Conj           ####....     5%          4    ####...
 Confuse                  Hex            ##......     9%          3    ##.....
 Tukima's Dance           Hex            ##......     9%          3    ##.....
 Fulminant Prism          Conj/Hex       ###.......   12%         4    ####...


Dungeon Overview and Level Annotations

Branches:
Dungeon (3/15)

Altars:
Okawaru


Message History

Confirm with . or Enter, or press ? or * to list all spells.
Aiming: Ensorcelled Hibernation (safe; 5% risk of failure)
Press: ? - help, Shift-Dir - straight line, f/p - orc wizard
Aim: an orc wizard, wielding a +0 dagger and wearing a +0 robe (chance to defeat MR: 38%)
The orc wizard resists with some effort.
The orc wizard gestures at you while chanting.
You are confused.
You're too confused to cast spells.
A goblin comes into view. It is wielding a +0 dagger.
Things that are here:
a +0 dagger; a +0 robe; an orc skeleton The orc wizard gestures at you while chanting.
The magic dart hits you.
* * * LOW HITPOINT WARNING * * *
You're too confused!
You bump into the rock wall.
You feel less confused.
The orc wizard points at you and mumbles some strange words.
The magic dart hits you.
You die...

#............+.
#############..........##
#...........#..........##
#.#########.#.#.##.......
#.........#.#.#.##.......
#########.#...#.##.......
.....[...#####.##.......
#######..# #.# .......
######@.# #.# .......
#...o)..# #.# #######
#.####.## #.# # .... #
##g### # ... # #.# # ..#
.).


You could see an orc wizard and a goblin.

Vanquished Creatures
  A hound (D:2)
  An orc wizard (D:3)
  2 adders (D:2)
  A shadow imp (D:2)
  2 dart slugs (D:2)
  5 leopard geckos
  2 orcs (D:3)
  2 giant cockroaches
  8 goblins
  3 hobgoblins
  2 jackals (D:2)
  2 quokkas
  5 bats
  A frilled lizard (D:2)
  3 kobolds
  3 rats
43 creatures vanquished.

Notes
Turn   | Place    | Note
-------+----------+-------------------------------------------
     0 | D:1      | Kobolds4U the Deep Elf Conjurer began the quest for the
                  | Orb.
     0 | D:1      | Reached XP level 1. HP: 10/10 MP: 6/6
   384 | D:1      | Reached XP level 2. HP: 15/15 MP: 4/8
   388 | D:1      | Learned a level 2 spell: Searing Ray
   686 | D:2      | Reached XP level 3. HP: 19/19 MP: 5/10
   692 | D:2      | Learned a level 3 spell: Dazzling Spray
   957 | D:2      | Reached skill level 5 in Spellcasting
   957 | D:2      | Reached skill level 5 in Conjurations
   957 | D:2      | Reached XP level 4. HP: 24/24 MP: 4/13
   964 | D:2      | Learned a level 4 spell: Force Lance
  1204 | D:2      | Found an iron altar of Okawaru.
  1273 | D:2      | Reached skill level 1 in Hexes
  1732 | D:3      | Learned a level 2 spell: Ensorcelled Hibernation
  1917 | D:3      | Reached skill level 1 in Translocations
  1953 | D:3      | Killed from afar by an orc wizard

Skill      XL: |  1  2  3  4 |
---------------+-------------+-----
Spellcasting   | 4 5 |  5.6
Conjurations   | 5 |  5.0
Hexes          | 1 |  1.1
Stealth        | 3 |  3.0
Translocations | 1 |  1.0
Dodging        | |  2.4

Action                   |  1- 3 |  4- 6 || total
-------------------------+-------+-------++-------
Melee: Dagger            |     2 |     6 ||     8
 Cast: Magic Dart        |    38 |    20 ||    58
       Searing Ray       |     3 |     6 ||     9
       Ensorcelled Hiber |       |     1 ||     1
 Stab: Sleeping          |     2 |     2 ||     4
  Eat: Chunk             |       |     3 ||     3
Armor: Robe              |     1 |       ||     1
Dodge: Dodged            |     5 |     4 ||     9
